 Dungeon Crawl Stone Soup version 0.28-a0-239-g68911e0c57 (webtiles) character file.

Game seed: 16985019143168492054

268 Colgate the Twirler (level 6, -1/47 HPs)
             Began as a Formicid Fighter on Aug 23, 2021.
             Succumbed to Dowan's poison
             ... on level 4 of the Dungeon.
             The game lasted 00:02:58 (3938 turns).

Colgate the Twirler (Formicid Fighter)              Turns: 3938, Time: 00:02:59

Health: -1/47      AC: 14    Str: 28 (29) XL:     6   Next: 46%
Magic:  6/6        EV:  6    Int:  5 (7)  God:
Gold:   136        SH:  8    Dex:  9 (10) Spells: 5/5 levels left

rFire   . . .      SeeInvis +   Y - +2 quarterstaff
rCold   . . .      Faith    .   c - +0 kite shield
rNeg    + . .      Spirit   .   j - +0 plate armour
rPois   +          Reflect  .   (helmet unavailable)
rElec   .          Harm     .   a - +2 cloak {rPois}
rCorr   .          Rampage  .   (no gloves)
Will    .....                   (no boots)
Stlth   ..........              (no amulet)
HPRegen 0.15/turn               i - ring of positive energy
MPRegen 0.10/turn               e - +6 ring of strength

@: lethally poisoned (-1 -> -21)
A: permanent stasis, dig shafts and tunnels, antennae 3, four strong arms
a: Dig, Shaft Self


You were on level 4 of the Dungeon.
You visited 1 branch of the dungeon, and saw 4 of its levels.

You collected 241 gold pieces.
You spent 105 gold pieces at shops.


Innate Abilities, Weirdness & Mutations

You cannot be hasted, slowed, berserked, paralysed or teleported.
You can dig through walls and to a lower floor.
You have a pair of large antennae on your head. (SInv)
Your four strong arms can wield two-handed weapons with a shield.


   Skills:
 - Level 3.2 Fighting
 + Level 5.9 Staves
 - Level 3.2 Armour
 - Level 1.1 Dodging
 - Level 4.2 Shields


You had 5 spell levels left.
You didn't know any spells.
Your spell library was empty.

Inventory:

Hand Weapons
 Y - a +2 quarterstaff (weapon)
Armour
 a - a +2 cloak of poison resistance (worn)
 c - a +0 kite shield (worn)
 j - a +0 plate armour (worn)
Jewellery
 e - a +6 ring of strength (right hand)
 f - a ring of ice
 i - a ring of positive energy (left hand)
Potions
 d - 3 potions of might
 g - a potion of heal wounds {unknown}
 h - a potion of curing
 k - a potion of mutation {unknown}

Dungeon Overview and Level Annotations

Branches:
Dungeon (4/15)
 Temple: D:4-7

Altars:

Shops:
D:1 *   D:2 ?

Annotations:
D:2 1 runed translucent door, Crazy Yiuf
D:4 Dowan


Message History

Dowan barely misses you.
You hit Duvessa but do no damage.
Duvessa is lightly wounded.
Dowan hits you but does no damage.
You are poisoned.
You block Duvessa's attack.
You hit Duvessa but do no damage.
Duvessa is lightly wounded.
You feel very sick. Duvessa hits you with a +0 short sword.
Dowan hits you with a +2 dagger of venom.
You sock Duvessa!
Duvessa is moderately wounded.
You feel sick. Duvessa hits you with a +0 short sword.
You block Dowan's attack.
You sock Duvessa!
Duvessa is severely wounded.
You feel sick. Duvessa hits you but does no damage.
Dowan hits you with a +2 dagger of venom.
You sock Duvessa!
Duvessa is almost dead.
You feel sick.
Duvessa gestures with her weapon.
Duvessa hits you but does no damage. Dowan hits you but does no damage. x2
You are lethally poisoned!
Duvessa hits you but does no damage.
You hit Duvessa.
Duvessa is almost dead.
You feel very sick. Duvessa hits you but does no damage.
Dowan hits you but does no damage.
You are more poisoned.
You hit Duvessa but do no damage.
Duvessa is almost dead.
You feel very sick. Duvessa hits you but does no damage.
Dowan hits you but does no damage.
You are more poisoned.
You sock Duvessa!
You kill Duvessa!
Dowan's eyes darken. "You have made a black mistake."
Dowan seems to find hidden reserves of power!
You die...

.....# ..$..#
.....# .....
.... # ..#
...##.##).##.##
.......@e......
....!..........
..............$
...............
...............
...............
###############


You could see Dowan (fast).

Vanquished Creatures
  Duvessa (D:4)
  A centaur skeleton (D:3)
  2 orc wizards (D:4)
  Robin (D:2)
  6 adders
  A river rat (D:3)
  2 worms (D:3)
  11 orcs
  6 endoplasms
  3 giant cockroaches
  16 goblins
  10 hobgoblins
  6 jackals (D:1)
  5 quokkas
  9 ball pythons
  2 bats
  4 kobolds (D:1)
  6 rats
92 creatures vanquished.

Notes
Turn   | Place    | Note
-------+----------+-------------------------------------------
     0 | D:1      | Colgate the Formicid Fighter began the quest for the Orb.
     0 | D:1      | Reached XP level 1. HP: 18/18 MP: 1/1
     0 | D:1      | 0 ||| counter = 28
    95 | D:1      | Reached XP level 2. HP: 24/24 MP: 2/2
   184 | D:1      | Reached skill level 3 in Staves
   235 | D:1      | Found Ofaink's Assorted Antiques.
   356 | D:1      | 356 ||| SHOPLISTING glowing chain mail (187 gold, have 12).
   356 | D:1      | 356 ||| SHOPLISTING grey potion (22 gold, have 12).
   356 | D:1      | 356 ||| SHOPLISTING murky blue potion (22 gold, have 12).
   356 | D:1      | 356 ||| SHOPLISTING pair of boots (112 gold, have 12).
   356 | D:1      | 356 ||| SHOPLISTING scorched plate armour (700 gold, have
                  | 12).
   356 | D:1      | 356 ||| SHOPLISTING scroll labelled CUOTEKL JUCAEBB (25
                  | gold, have 12).
   356 | D:1      | 356 ||| SHOPLISTING scroll labelled ENOTOCS WILI (25 gold,
                  | have 12).
   356 | D:1      | 356 ||| SHOPLISTING scroll labelled EVEIGAR ABEE (25 gold,
                  | have 12).
   356 | D:1      | 356 ||| SHOPLISTING scroll labelled FYVUBR GAISEQ (25 gold,
                  | have 12).
   356 | D:1      | 356 ||| SHOPLISTING scroll labelled QONTUW GEEWA (25 gold,
                  | have 12).
   356 | D:1      | 356 ||| SHOPLISTING sedimented blue potion (22 gold, have
                  | 12).
   400 | D:1      | Reached XP level 3. HP: 29/29 MP: 3/3
   999 | D:1      | 999 ||| UPGRADING to ring of positive energy.
  1000 | D:1      | 1000 ||| READING scroll labelled ENOTOCS WILI.
  1001 | D:1      | 1001 ||| READING scroll labelled ENGUCUT PATI.
  1002 | D:1      | 1002 ||| READING scroll labelled QONTUW GEEWA.
  1003 | D:1      | 1003 ||| READING scroll labelled SEXAFU BIJU.
  1003 | D:1      | Identified a scroll of acquirement
  1003 | D:1      | 1003 ||| ACQUIRING +2 cloak of poison resistance
  1003 | D:1      | Acquired a +2 cloak of poison resistance
  1005 | D:1      | 1005 ||| UPGRADING to +2 cloak of poison resistance.
  1060 | D:2      | 1060 ||| STAIRDANCE
  1141 | D:2      | Found a runed translucent door.
  1142 | D:2      | Noticed Crazy Yiuf
  1315 | D:2      | Reached skill level 4 in Staves
  1315 | D:2      | Reached XP level 4. HP: 14/35 MP: 4/4
  1514 | D:2      | Noticed Robin
  1517 | D:2      | 1517 ||| Stepping ~*~*~tactically~*~*~ (outnumbered).
  1518 | D:2      | 1518 ||| Stepping ~*~*~tactically~*~*~ (outnumbered).
  1519 | D:2      | 1519 ||| Stepping ~*~*~tactically~*~*~ (outnumbered).
  1520 | D:2      | 1520 ||| Stepping ~*~*~tactically~*~*~ (outnumbered).
  1521 | D:2      | 1521 ||| Stepping ~*~*~tactically~*~*~ (outnumbered).
  1522 | D:2      | 1522 ||| Stepping ~*~*~tactically~*~*~ (outnumbered).
  1523 | D:2      | 1523 ||| Stepping ~*~*~tactically~*~*~ (outnumbered).
  1541 | D:2      | Killed Robin
  1555 | D:2      | 1555 ||| STAIRDANCE
  1731 | D:1      | 1731 ||| UPGRADING to +0 chain mail.
  1741 | D:1      | 1741 ||| DROPPING +0 scale mail.
  1742 | D:1      | 1742 ||| READING scroll labelled AMIB FOJUOL.
  1763 | D:2      | 1763 ||| STAIRDANCE
  2093 | D:2      | Found Tuguz's Magic Scroll Shop.
  2102 | D:2      | 2102 ||| BUYING scroll of enchant weapon (105 gold).
  2102 | D:2      | Bought a scroll of enchant weapon for 105 gold pieces
  2102 | D:2      | 2102 ||| SHOPLISTING scroll of identify (28 gold, have 1).
  2102 | D:2      | 2102 ||| READING scroll of enchant weapon.
  2102 | D:2      | 2102 ||| ENCHANTING +1 quarterstaff.
  2162 | D:2      | Reached XP level 5. HP: 41/41 MP: 5/5
  2310 | D:2      | 2310 ||| DROPPING ring of wizardry.
  2311 | D:2      | 2311 ||| READING scroll labelled CUOTEKL JUCAEBB.
  2312 | D:2      | 2312 ||| READING scroll labelled POGODU MUXEUH.
  2313 | D:2      | 2313 ||| READING scroll labelled OGGANO NUFOLO.
  2314 | D:2      | 2314 ||| READING scroll labelled EVEIGAR ABEE.
  2334 | D:3      | 2334 ||| STAIRDANCE
  2375 | D:3      | 2375 ||| STAIRDANCE
  2438 | D:3      | 2438 ||| STAIRDANCE
  2625 | D:3      | 2625 ||| Stepping ~*~*~tactically~*~*~ (outnumbered).
  2626 | D:3      | 2626 ||| Stepping ~*~*~tactically~*~*~ (outnumbered).
  2627 | D:3      | 2627 ||| Stepping ~*~*~tactically~*~*~ (outnumbered).
  2732 | D:3      | Reached skill level 5 in Staves
  2865 | D:3      | 2865 ||| Stepping ~*~*~tactically~*~*~ (outnumbered).
  2866 | D:3      | 2866 ||| Stepping ~*~*~tactically~*~*~ (outnumbered).
  2867 | D:3      | 2867 ||| Stepping ~*~*~tactically~*~*~ (outnumbered).
  2868 | D:3      | 2868 ||| Stepping ~*~*~tactically~*~*~ (outnumbered).
  2869 | D:3      | 2869 ||| Stepping ~*~*~tactically~*~*~ (outnumbered).
  2870 | D:3      | 2870 ||| Stepping ~*~*~tactically~*~*~ (outnumbered).
  2873 | D:3      | 2873 ||| Stepping ~*~*~tactically~*~*~ (outnumbered).
  2874 | D:3      | 2874 ||| Stepping ~*~*~tactically~*~*~ (outnumbered).
  2875 | D:3      | 2875 ||| Stepping ~*~*~tactically~*~*~ (outnumbered).
  2876 | D:3      | 2876 ||| Stepping ~*~*~tactically~*~*~ (outnumbered).
  2877 | D:3      | 2877 ||| Stepping ~*~*~tactically~*~*~ (outnumbered).
  2879 | D:3      | 2879 ||| Stepping ~*~*~tactically~*~*~ (outnumbered).
  2880 | D:3      | 2880 ||| Stepping ~*~*~tactically~*~*~ (outnumbered).
  2881 | D:3      | 2881 ||| Stepping ~*~*~tactically~*~*~ (outnumbered).
  2882 | D:3      | 2882 ||| Stepping ~*~*~tactically~*~*~ (outnumbered).
  2883 | D:3      | 2883 ||| Stepping ~*~*~tactically~*~*~ (outnumbered).
  2884 | D:3      | 2884 ||| Stepping ~*~*~tactically~*~*~ (outnumbered).
  2885 | D:3      | 2885 ||| Stepping ~*~*~tactically~*~*~ (outnumbered).
  2886 | D:3      | 2886 ||| STAIRDANCE
  2909 | D:2      | 2909 ||| UPGRADING to +3 chain mail.
  2919 | D:2      | 2919 ||| DROPPING +0 chain mail.
  2920 | D:2      | 2920 ||| UPGRADING to +6 ring of strength.
  3326 | D:3      | Reached skill level 1 in Dodging
  3351 | D:3      | Reached XP level 6. HP: 47/47 MP: 6/6
  3449 | D:3      | 3449 ||| DRINKING 2 purple potions.
  3450 | D:3      | 3450 ||| DROPPING potion of degeneration.
  3796 | D:4      | 3796 ||| DRINKING 2 potions of curing.
  3796 | D:4      | 3796 ||| (to cure confusion)
  3815 | D:4      | 3815 ||| STAIRDANCE
  3865 | D:3      | 3865 ||| UPGRADING to +0 plate armour.
  3875 | D:3      | 3875 ||| DROPPING +3 chain mail.
  3894 | D:4      | Noticed Dowan
  3894 | D:4      | Noticed Duvessa
  3895 | D:4      | 3895 ||| STAIRDANCE
  3920 | D:4      | 3920 ||| STAIRDANCE
  3924 | D:4      | 3924 ||| STAIRDANCE
  3935 | D:4      | HP: 11/47 [poisoned by Dowan]
  3937 | D:4      | HP: 4/47 [poisoned by Dowan]
  3938 | D:4      | Killed Duvessa
  3938 | D:4      | Succumbed to Dowan's poison

Levels and vault maps discovered:
D:1:      amcnicky_arrival_feature_with_door, layout_loops_ring, serial_shops,
          nicolae_shop_overgrown_old_shop
D:2:      layout_loops_ring, serial_shops, shop, uniq_crazy_yiuf_cottage,
          uniq_robin
D:3:      layout_basic, lightli_sewer_entry_pipes
D:4:      layout_gridville, uniq_duvessa

Skill      XL: |  1  2  3  4  5 |
---------------+----------------+-----
Staves         | 3 4 5 |  5.9
Shields        | 4 |  4.2
Dodging        | 1 |  1.1
Fighting       | |  3.2
Armour         | |  3.2

Action                   |  1- 3 |  4- 6 || total
-------------------------+-------+-------++-------
Melee: Quarterstaff      |    98 |   181 ||   279
  Use: Scroll            |     4 |     6 ||    10
       Potion            |       |     2 ||     2
Armor: Scale mail        |    27 |    19 ||    46
       Chain mail        |       |    62 ||    62
       Plate armour      |       |    11 ||    11
Dodge: Dodged            |    31 |    56 ||    87
Block: Kite shield       |    44 |    61 ||   105

Table legend:
 A = Non-vault XP
 B = Vault XP
 C = Vault XP percentage of total XP
 D = Non-vault monster count
 E = Vault monster count
 F = Vault count percentage of total count
                 A         B        C        D         E       F
            +---------+---------+-------+---------+---------+-------
      Total |     302 |     224 |  42.6 |      74 |      18 |  19.6
            +---------+---------+-------+---------+---------+-------
        D:1 |      53 |       2 |   3.6 |      31 |       1 |   3.1
        D:2 |      57 |      36 |  38.7 |      17 |      12 |  41.4
        D:3 |      89 |      44 |  33.1 |      16 |       4 |  20.0
        D:4 |     103 |     142 |  58.0 |      10 |       1 |   9.1
            +---------+---------+-------+---------+---------+-------
